 Dungeon Crawl Stone Soup version 0.31-a0-7-g51783674b7 (webtiles) character file.

Game seed: 14552363753641903642

3978 jt the Basher (level 10, -2/132 HPs)
             Began as a Grey Draconian Cinder Acolyte on May 5, 2023.
             Was a High Priest of Ignis.
             Slain by an orc warlord
             ... wielding a +9 broad axe
              (16 damage)
             ... in a bailey.
             The game lasted 00:24:01 (7429 turns).

jt the Basher (Grey Draconian Cinder Acolyte)       Turns: 7429, Time: 00:24:02

Health: -2/132     AC: 20    Str: 17      XL:     10   Next: 2%
Magic:  2/14       EV: 12    Int: 18 (19) God:    Ignis [*****.]
Gold:   345        SH:  0    Dex:  6      Spells: 8/15 levels left

rFire   + . .        a - -1 mace (flame)
rCold   . . .        (no shield)
rNeg    . . .        (body armour unavailable)
rPois   +            (helmet restricted)
rElec   .            (no cloak)
rCorr   .            d - +0 pair of gloves
SInv    .            (no boots)
Will    .....        (no amulet) Stlth
                     C - ring of poison resistance
HPRegen 0.42/turn    (no ring)
MPRegen 0.14/turn

%: no passive effects
@: berserking (expiring), fiery-armoured, hasted, very quick
A: AC +12, amphibious, unfitting armour, cold-blooded
a: Renounce Religion, Fiery Armour, Foxfire Swarm, Rising Flame


You were in a bailey.
You worshipped Ignis.
Ignis was extremely pleased with you.
You visited 1 branch of the dungeon, and saw 9 of its levels.
You also visited: Sewer and Bailey.

You collected 423 gold pieces.
You spent 78 gold pieces at shops.

Inventory:

Hand Weapons
 a - a -1 mace of flaming (weapon)
 b - a +0 sling
 e - a +4 dagger of draining
 f - a +0 arbalest
 m - a +1 dagger of venom
 q - a +0 flail
 v - a +0 trident
 A - a +0 war axe
Missiles
 i - 30 stones
 n - 30 poisoned darts
 t - 13 boomerangs
Armour
 d - a +0 pair of gloves (worn)
 y - the +6 kite shield of Bootwuala {+Inv Str-3 Stlth+}
   (You acquired it on level 4 of the Dungeon)

   Str:       It affects your strength (-3).
   +Inv:      It lets you turn invisible.
   Stlth:     It makes you more stealthy.
Jewellery
 C - a ring of poison resistance (left hand)
Wands
 l - a wand of digging (8)
 p - a wand of roots (6)
 w - a wand of mindburst (11)
Scrolls
 g - 3 scrolls of vulnerability
 k - a scroll of immolation
 r - 2 scrolls of amnesia
 s - a scroll of enchant armour
 u - a scroll of teleportation
 B - 2 scrolls of fog
Potions
 c - a potion of heal wounds
 j - 2 potions of brilliance
 o - 4 potions of curing
 x - a potion of lignification
 z - a potion of haste
 D - 2 potions of magic {unknown}
 E - a potion of might
 F - a potion of mutation {unknown}


   Skills:
 + Level 7.8 Fighting
 * Level 9.8 Maces & Flails
 + Level 0.2 Throwing
 + Level 5.8 Dodging
 - Level 3.0 Spellcasting
 + Level 0.1 Conjurations
 - Level 3.0 Fire Magic
 - Level 3.0 Air Magic
 + Level 3.0 Poison Magic
 + Level 0.4 Evocations


You had 8 spell levels left.
You knew the following spells:

 Your Spells              Type           Power      Damage    Failure   Level
a - Scorch                Fire           26%        2d6       7%          2
b - Poisonous Vapours     Pois/Air       26%        N/A       7%          2
c - Mephitic Cloud        Conj/Pois/Air  10%        N/A       22%         3

Your spell library contained the following spells:

 Spells                   Type           Power      Damage    Failure   Level
 Manifold Assault         Tloc           2%         N/A       85%         4
 Freezing Cloud           Conj/Ice/Air   3%         6-21      96%         5
 Dispersal                Tloc           1%         N/A       100%        6
 Disjunction              Tloc           1%         N/A       100%        8


Dungeon Overview and Level Annotations

Branches:
Dungeon (9/15)              Sewer (visited)          Bailey (1/1)
 Temple: D:4-7         Lair: D:8-11         Orc: D:9-12

Altars:
Ashenzari
Cheibriados
Elyvilon
Gozag
Kikubaaqudgha
Makhleb
Ru
Uskayaw
Yredelemnul

Shops:
D:1 =   D:4 *!   D:5 [

Annotations:
D:2 Natasha, Sigmund
D:4 2 transporters, Menkaure
D:5 Grinder


Innate Abilities, Weirdness & Mutations

Your dull iron-grey scales are very hard. (AC +12)
You are amphibious.
You cannot fit into any form of body armour.
You are cold-blooded and may be slowed by cold attacks.


Message History

The orc warlord is heavily wounded.
You hit the orc warlord but do no damage.
The orc warlord is heavily wounded.
The orc warlord hits you with a +9 broad axe!
* * * LOW HITPOINT WARNING * * *
You hit the orc warlord. You burn the orc warlord.
Your tail-slap misses the orc warlord.
The orc warlord is heavily wounded.
You hit the orc warlord. You burn the orc warlord.
You tail-slap the orc warlord.
The orc warlord is severely wounded.
The orc warlord hits you with a +9 broad axe.
* * * LOW HITPOINT WARNING * * *
You hit the orc warlord but do no damage.
The orc warlord is severely wounded.
The orc warlord is no longer more vulnerable to fire.
The orc warlord hits you with a +9 broad axe.
* * * LOW HITPOINT WARNING * * *
The orc warlord is burned by your cloak of flames.
The orc warlord is severely wounded.
You hit the orc warlord. You burn the orc warlord.
Your tail-slap misses the orc warlord.
The orc warlord is severely wounded.
You barely miss the orc warlord.
You tail-slap the orc warlord, but do no damage.
The orc warlord is severely wounded.
The orc warlord hits you with a +9 broad axe!!
* * * LOW HITPOINT WARNING * * *
The orc warlord is burned by your cloak of flames.
The orc warlord is almost dead.
You hit the orc warlord but do no damage.
Your tail-slap misses the orc warlord.
The orc warlord is almost dead.
Press: ? - help, v - describe, . - travel
Here: an orc warlord, wielding a +9 broad axe and wearing a +0 chain mail (almost dead, very poisoned)
The floor, spattered with blood.
You hit the orc warlord. You burn the orc warlord.
The orc warlord is almost dead.
The orc warlord hits you with a +9 broad axe!
You die...

##### #### ##...## ##...
##.....## ##....
##.......#######.....
##..8..8...(...).).8..
#..............)......
#.....o...............
#...8@.....#'''#......
##......####~~~####...
♣##.....#~~~~~~~~~#...
♣.##....#~.8...8.~#...
♣♣..###'###.......###'#
♣...~~~.# ~.8...8.~~#.~
♣♣...~~~.# .........~#.~
♣∩...~~~.#~....∩....~#.~
♣♣...)~~.##.........##.~


You could see an orc warlord (very poisoned).

Vanquished Creatures
  Joseph (D:7)
  5 yaks
  Eustachio (D:4)
  4 water moccasins
  An ice beast (D:5)
  3 orc warriors (Bailey)
  An ogre (D:5)
  A phantom (D:4)
  6 kobold brigands
  3 bullfrogs
  A scorpion (D:7)
  11 killer bees (D:7)
  3 howler monkeys
  2 hounds (D:5)
  A jelly (D:7)
  2 orc priests (D:7)
  An iguana (D:4)
  An orc wizard (D:7)
  Natasha (D:2)
  A mummy (D:4)
  Robin (D:3)
  17 adders
  4 gnolls
  A river rat (Sewer)
  A white imp (D:4)
  2 ufetubi
  5 worms
  2 dart slugs
  6 orcs
  8 ball pythons
  7 endoplasms
  6 giant cockroaches
  31 goblins
  11 hobgoblins
  3 jackals (D:3)
  A quokka (D:3)
  5 bats
  2 frilled lizards (D:3)
  19 kobolds
  12 rats
194 creatures vanquished.

Notes
Turn   | Place    | Note
-------+----------+-------------------------------------------
     0 | D:1      | jt the Draconian Cinder Acolyte began the quest for the
                  | Orb.
     0 | D:1      | Reached XP level 1. HP: 19/19 MP: 2/2
   156 | D:1      | Reached XP level 2. HP: 26/26 MP: 3/3
   176 | D:1      | Found Kugueb's Jewellery Shop.
   308 | D:1      | Learned a level 2 spell: Scorch
   754 | D:2      | Reached skill level 1 in Dodging
   754 | D:2      | Reached XP level 3. HP: 10/31 MP: 1/4
  1042 | D:2      | Reached skill level 4 in Maces & Flails
  1109 | D:2      | Reached XP level 4. HP: 38/40 MP: 0/5
  1230 | D:2      | Noticed Natasha
  1240 | D:2      | Killed Natasha
  1393 | D:2      | Noticed Natasha
  1395 | D:2      | Noticed Sigmund
  2101 | D:3      | Found a white marble altar of Elyvilon.
  2218 | D:3      | Reached XP level 5. HP: 39/46 MP: 7/7
  2364 | D:3      | Noticed Robin
  2373 | D:3      | Killed Robin
  2967 | D:4      | Found a transporter.
  2989 | D:4      | Noticed a phantom
  2990 | D:4      | Found a transporter.
  2990 | D:4      | Found a basalt altar of Yredelemnul.
  2994 | D:4      | Noticed Menkaure
  3000 | D:4      | Found an ancient bone altar of Kikubaaqudgha.
  3212 | D:4      | Found a snail-covered altar of Cheibriados.
  3255 | D:4      | Reached skill level 5 in Maces & Flails
  3263 | D:4      | Found an opulent altar of Gozag.
  3264 | D:4      | Found Gozag's Platinum Reserve.
  3336 | D:4      | Reached XP level 6. HP: 34/53 MP: 4/9
  3528 | D:4      | Noticed Eustachio
  3552 | D:4      | Killed Eustachio
  3553 | D:4      | Reached skill level 5 in Fighting
  3553 | D:4      | Your scales start taking on a dull iron-grey colour.
  3553 | D:4      | Reached XP level 7. HP: 61/61 MP: 1/10
  3680 | D:4      | Found Carchoer's Distillery.
  3688 | D:4      | Bought a potion of lignification for 39 gold pieces
  3688 | D:4      | Bought a potion of curing for 39 gold pieces
  3830 | D:4      | Reached skill level 6 in Maces & Flails
  3876 | D:4      | Identified 2 scrolls of acquirement
  3877 | D:4      | Acquired the +6 kite shield of Bootwuala {+Inv Str-3
                  | Stlth+}
  3879 | D:4      | Acquired a book of Vapours
  3884 | D:4      | Learned a level 2 spell: Poisonous Vapours
  4036 | D:5      | Entered Level 5 of the Dungeon
  4036 | D:5      | Found Sofuc's Antique Armour Emporium.
  4155 | D:5      | Noticed a +0 spear
  4155 | D:5      | Noticed a +0 dagger
  4157 | D:5      | Noticed a +0 short sword
  4157 | D:5      | Noticed a +0 falchion
  4157 | D:5      | Noticed a +0 falchion
  4157 | D:5      | Noticed a +0 dagger
  4157 | D:5      | Noticed a +0 spear
  4159 | D:5      | Noticed a +0 short sword
  4161 | D:5      | Found a glowing drain.
  4182 | Sewer    | Entered a sewer
  4377 | Sewer    | Reached skill level 1 in Poison Magic
  4479 | Sewer    | Reached skill level 1 in Air Magic
  4943 | Sewer    | Reached XP level 8. HP: 69/69 MP: 4/11
  5542 | D:5      | Found a hide-covered altar of Uskayaw.
  5570 | D:5      | Reached skill level 7 in Maces & Flails
  5856 | D:5      | Noticed Grinder
  6228 | D:6      | Found a burning altar of Makhleb.
  6231 | D:6      | You fall into a shaft and drop 3 floors!
  6231 | D:9      | Found a sacrificial altar of Ru.
  6438 | D:8      | Reached skill level 8 in Maces & Flails
  6438 | D:8      | Reached XP level 9. HP: 78/78 MP: 13/13
  6523 | D:7      | Reached skill level 5 in Dodging
  6781 | D:7      | Noticed Joseph
  6784 | D:7      | Reached skill level 9 in Maces & Flails
  6800 | D:7      | Killed Joseph
  6821 | D:7      | Found a broken altar of Ashenzari.
  6862 | D:7      | Found a flagged portal.
  6906 | Bailey   | Entered a bailey
  6928 | Bailey   | Noticed an orc warlord
  7135 | Bailey   | Reached XP level 10. HP: 82/88 MP: 1/14
  7248 | Bailey   | Found a runed translucent gate.
  7250 | Bailey   | Found a runed translucent gate.
  7252 | Bailey   | Found a runed translucent gate.
  7277 | Bailey   | Learned a level 3 spell: Mephitic Cloud
  7429 | Bailey   | Slain by an orc warlord

Illustrated notes

Levels and vault maps discovered:
D:1:      minmay_arrival_nine_rooms, layout_basic, serial_shops,
          nicolae_shop_temple_entry_statues_fountains, kennysheep_minor_cross
D:2:      layout_basic, basic_altar, uniq_sigmund, uniq_natasha
D:3:      kennysheep_goblin_castle, layout_basic, mainiacjoe_overflow_alcove_4
D:4:      layout_rooms, gammafunk_temple_of_torment,
          nicolae_gozag_zags_fifth_avenue, chei_slow_surprise, serial_shops,
          shop, minmay_increasing_density, uniq_eustachio
D:5:      layout_basic, nicolae_uskayaw_en_pointe, serial_shops, shop,
          portal_sewer_entry_b, uniq_grinder
D:6:      layout_loops_ring, lemuel_tele_altar, minmay_temple_entry_mini_moons,
          nicolae_elevator_lobby_plus
D:7:      layout_layer_cave, mainiacjoe_overflow_alcove_2, enter_bailey_5,
          grunt_ministairs_13, amcnicky_mini_pool_small, uniq_joseph
D:8:      layout_basic, lair_entry_dummy, chequers_serial_rivers_large_b
D:9:      layout_cave_pools, nicolae_overflow_hidden_temple
Bailey:   bailey_axe_bossmonster_kennysheep, bailey

Skill      XL: |  1  2  3  4  5  6  7  8  9 |
---------------+----------------------------+-----
Dodging        | 1 2 3 4 5 |  5.8
Maces & Flails | 4 5 6 8 9 |  9.8
Fighting       | 4 5 6 7 |  7.8
Spellcasting   | 2 3 |  3.0
Poison Magic   | 1 3 |  3.0
Air Magic      | 1 2 3 |  3.0
Throwing       | |  0.2
Conjurations   | |  0.1
Fire Magic     | |  3.0
Evocations     | |  0.4

Action                     |  1- 3 |  4- 6 |  7- 9 | 10-12 || total
---------------------------+-------+-------+-------+-------++-------
  Melee: Mace              |    79 |   130 |   165 |    18 ||   392
         Tailslap          |     8 |    13 |    15 |     3 ||    39
         Punch             |       |     2 |     4 |       ||     6
  Throw: Dart              |       |     4 |     5 |     2 ||    11
   Cast: Scorch            |    13 |    50 |    94 |     9 ||   166
         Poisonous Vapours |       |       |    10 |     4 ||    14
 Invoke: Fiery Armour      |       |       |     2 |     1 ||     3
  Evoke: Wand              |       |       |     3 |     2 ||     5
    Use: Scroll            |     4 |     4 |     8 |     1 ||    17
         Potion            |       |     1 |     5 |     2 ||     8
 Armour: Skin              |    33 |    63 |   113 |     8 ||   217
  Dodge: Dodged            |    45 |   104 |   145 |     6 ||   300

Table legend: (Time is in decaauts)
 A = Elapsed time spent in this place.
 B = Non-inter-level travel time spent in this place.
 C = Inter-level travel time spent in this place.
 D = Time resting spent in this place.
 E = Time spent auto-exploring this place.
 F = Levels seen in this place.
 G = Mean time per level.
                   A        B        C        D        E       F      G
               +--------+--------+--------+--------+--------+-----+--------+
         Total |   7468 |   7355 |    113 |   1714 |   2862 |  11 |  678.9 |
       Dungeon |   5832 |   5719 |    113 |   1259 |   2181 |   9 |  648.0 |
         Sewer |   1123 |   1123 |      0 |    252 |    677 |   1 | 1123.0 |
        Bailey |    513 |    513 |      0 |    203 |      4 |   1 |  513.0 |
               +--------+--------+--------+--------+--------+-----+--------+

Top non-repeatable levels by time:
     D:3: 1403 daAuts
     D:4: 1153 daAuts
   Sewer: 1123 daAuts
     D:5: 805 daAuts
     D:1: 802 daAuts
     D:2: 738 daAuts
  Bailey: 513 daAuts
     D:7: 439 daAuts
     D:6: 251 daAuts
     D:9: 122 daAuts
     D:8: 114 daAuts
